 Dungeon Crawl Stone Soup version 0.25-a0-201-g0bb11aece9 (webtiles) character file.

Game seed: 15223474325964706131, levelgen mode: deterministic

182 floatRand the Shield-Bearer (level 5, -3/36 HPs)
             Began as an Octopode Fighter on Dec 2, 2019.
             Splashed by a jelly's acid (5 damage)
             ... on level 3 of the Dungeon.
             The game lasted 00:02:51 (2315 turns).

floatRand the Shield-Bearer (Octopode Fighter)      Turns: 2315, Time: 00:02:52

Health: -3/36      AC:  8    Str: 16    XL:     5   Next: 61%
Magic:  0/5        EV: 12    Int: 10    God:
Gold:   154        SH:  9    Dex: 12    Spells: 4/4 levels left

rFire    . . .     SeeInvis .   q - +0 trident (protect)
rCold    . . .     Gourm    .   b - +0 shield
rNeg     . . .     Faith    .   (helmet restricted)
rPois    .         Spirit   +   m - amulet of guardian spirit
rElec    .         Reflect  .   (no ring)
rCorr    .         Harm     .   (no ring)
MR       .....                  (no ring)
Stlth    +++.......             (no ring)
HPRegen  0.12/turn              (no ring)
MPRegen  0.09/turn              (no ring)
                                (no ring)
                                (no ring)

@: protection aura
A: almost no armour, stealthy swim, amphibious, 8 rings, constrict 8, camouflage
1, gelatinous body 1
a: no special abilities


You were on level 3 of the Dungeon.
You were hungry.

You visited 1 branch of the dungeon, and saw 3 of its levels.

You collected 154 gold pieces.

Inventory:

Hand Weapons
 a - a +0 flail
 q - a +0 trident of protection (weapon)
Armour
 b - a +0 shield (worn)
Jewellery
 m - an amulet of guardian spirit (around mantle)
Scrolls
 h - a scroll of identify {unknown}
 i - 2 scrolls of enchant weapon {unknown}
 j - 2 scrolls of blinking {unknown}
 k - 2 scrolls of enchant armour {unknown}
 o - a scroll of remove curse {unknown}
 p - a scroll of amnesia {unknown}
Potions
 c - a potion of might
 e - 2 potions of haste {unknown}
 f - a potion of curing {unknown}
 g - 2 potions of heal wounds {unknown}
 l - a potion of brilliance {unknown}
 n - a potion of ambrosia {unknown}
Comestibles
 d - 4 rations


   Skills:
 - Level 3.0 Fighting
 - Level 3.2 Maces & Flails
 + Level 1.2 Polearms
 - Level 3.0 Dodging
 + Level 4.1 Stealth
 + Level 4.3 Shields


You had 4 spell levels left.
You didn't know any spells.
Your spell library was empty.

Dungeon Overview and Level Annotations

Branches:
Dungeon (3/15)

Altars:
Ashenzari
Kikubaaqudgha
Uskayaw


Innate Abilities, Weirdness & Mutations

You cannot wear most types of armour.
You are very stealthy in the water. (Stealth+)
You are amphibious.
You can wear up to eight rings at the same time.
You can use your tentacles to constrict eight enemies at once.
Your skin changes colour to match your surroundings (Stealth+).
Your rubbery body absorbs attacks. (AC +1, EV +1)


Message History

Unknown command.
You are too injured to fight recklessly!
You hit the jelly but do no damage.
Your tentacles burn!
Your squeeze misses the jelly.
The jelly is heavily wounded.
The bat misses you. You block the jelly's attack.
You block the frilled lizard's attack.
You are too injured to fight recklessly!
You are too injured to fight recklessly!
You hit the jelly but do no damage.
Your tentacles burn!
You squeeze the jelly!
The jelly is severely wounded.
You block the bat's attack. The jelly hits you.
* * * LOW HITPOINT WARNING * * *
You are splashed with acid!
* * * LOW HITPOINT WARNING * * *
You block the frilled lizard's attack.
Unknown command.
The frilled lizard bites you but does no damage.
You puncture the jelly!
Your tentacles burn!
You die...

#....J....
#......... .
##..#####. ..
#..#####. ...
#.>......
....####'#######
..........#
##.....Jb.#
.......@l.#
#######........#
#....##........# #
#.##(##........# .
#.##.##........#
#####)##.##........#
.<..#.##.##........#
..#.#.##.##........#
###.#.##.#


You could see a jelly, a bat and a frilled lizard.

Vanquished Creatures
  2 orc wizards (D:3)
  Jessica (D:3)
  2 adders (D:2)
  2 oozes
  A worm (D:3)
  A dart slug (D:2)
  7 orcs (D:3)
  A ball python (D:3)
  5 bats
  3 giant cockroaches
  8 goblins
  10 hobgoblins
  4 jackals (D:2)
  A quokka (D:3)
  2 frilled lizards (D:1)
  7 kobolds
  3 rats (D:3)
60 creatures vanquished.

Vanquished Creatures (others)
  A human (D:2)
1 creature vanquished.

Grand Total: 61 creatures vanquished

Notes
Turn   | Place    | Note
-------+----------+-------------------------------------------
     0 | D:1      | floatRand the Octopode Fighter began the quest for the Orb.
     0 | D:1      | Reached XP level 1. HP: 16/16 MP: 1/1
    65 | D:1      | Reached skill level 1 in Stealth
    99 | D:1      | Reached XP level 2. HP: 17/21 MP: 2/2
   656 | D:1      | Reached XP level 3. HP: 22/26 MP: 3/3
   970 | D:2      | Found a shattered altar of Ashenzari.
   976 | D:2      | Reached XP level 4. HP: 31/31 MP: 4/4
  1093 | D:2      | Found an ancient bone altar of Kikubaaqudgha.
  1102 | D:2      | Noticed a human
  1105 | D:2      | Killed a human
  1355 | D:3      | Noticed Jessica
  1360 | D:3      | Killed Jessica
  1373 | D:3      | HP: 1/31 [orc/+0 flail (9)]
  2056 | D:3      | Reached XP level 5. HP: 36/36 MP: 5/5
  2073 | D:3      | Reached skill level 1 in Polearms
  2203 | D:3      | Found a hide-covered altar of Uskayaw.
  2204 | D:3      | Noticed a +0 hand axe
  2204 | D:3      | Noticed a +0 dagger
  2315 | D:3      | Splashed by a jelly's acid

Levels and vault maps discovered:
D:1:      dpeg_arrival_round_c, layout_basic
D:2:      layout_rooms, evilmike_ruin_ashenzari, tgw_kikubaaqudgha
D:3:      corexii_shack_village, layout_basic, dancing_weapons_uskayaw,
          uniq_jessica

Skill      XL: |  1  2  3  4  5 |
---------------+----------------+-----
Stealth        | 1 2 3 4 |  4.1
Maces & Flails | 3 |  3.2
Shields        | 4 |  4.3
Polearms       | 1 |  1.2
Fighting       | |  3.0
Dodging        | |  3.0

Action                   |  1- 3 |  4- 6 || total
-------------------------+-------+-------++-------
Melee: Flail             |    64 |    31 ||    95
       Constrict         |    15 |    16 ||    31
       Tentacles         |     9 |    18 ||    27
       Trident           |       |    41 ||    41
 Stab: Sleeping          |     6 |     5 ||    11
       Distracted        |     1 |       ||     1
  Eat: Chunk             |       |     4 ||     4
Armor: Skin              |     5 |     7 ||    12
Dodge: Dodged            |    28 |    27 ||    55
Block: Shield            |    31 |    28 ||    59

Table legend:
 A = Non-vault XP
 B = Vault XP
 C = Vault XP percentage of total XP
 D = Non-vault monster count
 E = Vault monster count
 F = Vault count percentage of total count
                 A         B        C        D         E       F
            +---------+---------+-------+---------+---------+-------
      Total |     223 |      37 |  14.2 |      59 |       1 |   1.7
            +---------+---------+-------+---------+---------+-------
        D:1 |      34 |       0 |   0.0 |      20 |       0 |   0.0
        D:2 |      56 |       0 |   0.0 |      14 |       0 |   0.0
        D:3 |     133 |      37 |  21.8 |      25 |       1 |   3.8
            +---------+---------+-------+---------+---------+-------
